AoeStats
← komutan logar

Pilgrims

508058575Analyzed
4v4 RM · 13d ago on Sep 20, 2026· 22m 41s· 8 players
Game mode
Random Map
Map size
Large (8 player)
Population
200
Speed
Normal
Resources
Standard
Victory
Conquest
Starting age
Dark Age
Ending age
Imperial Age
RankedLock teamsTeams togetherTeam positionsShared explorationLock speedFull tech treeHidden civsTurbo modeCheats
Victory
Defeat
🇹🇷 Vikings · Türkiye
1307
+12
🇻🇳 Wu · Vietnam
1208
+16
🇹🇷 Persians · Türkiye
1206
+16
🇻🇳 Jurchens · Vietnam
1205
+16
🇦🇷 Italians · Argentina
1242
-17
🇩🇪 Persians · Germany
1237
-17
🇨🇴 Vietnamese · Colombia
1164
-13
🇺🇸 Italians · United States
1163
-13
kw3dsky
3:56 Loom
11:24 Feudal Age
19:47 Castle Age
18:02 Double-Bit Axe
19:01 Stone Mining
19:02 Gold Mining
21:16 Medium Warships
24:59 Imperial Age
insomnia
3:30 Loom
12:08 Feudal Age
13:26 Fishing Lines
13:35 Double-Bit Axe
13:42 Gold Mining
19:29 Castle Age
18:41 Fletching
18:52 Padded Archer Armor
20:11 Bodkin Arrow
20:43 Medium Warships
21:16 Leather Archer Armor
22:37 Bow Saw
Phu Thuy
6:34 Loom
10:57 Feudal Age
11:26 Double-Bit Axe
12:18 Wheelbarrow
12:00 Town Watch
12:40 Fishing Lines
18:51 Castle Age
17:23 Fletching
19:23 Bloodlines
20:25 Medium Warships
22:49 Bodkin Arrow
komutan logar
8:53 Loom
11:15 Feudal Age
14:06 Gold Mining
16:49 Castle Age
14:33 Horse Collar
16:22 Bloodlines
GrandNedgus
6:10 Loom
10:05 Feudal Age
11:31 Gold Mining
14:52 Double-Bit Axe
16:50 Fishing Lines
18:35 Fletching
Demshredz
4:18 Loom
12:10 Feudal Age
15:48 Double-Bit Axe
15:45 Horse Collar
18:33 Castle Age
17:11 Wheelbarrow
17:25 Fishing Lines
19:12 Bow Saw
19:29 Scale Barding Armor
19:35 Forging
20:44 Bloodlines
21:16 Heavy Plow
Alexis
12:58 Feudal Age
13:34 Double-Bit Axe
14:41 Loom
16:24 Fletching
16:41 Town Watch
20:54 Castle Age
19:14 Gold Mining
PILDORO
10:02 Loom
20:43 Feudal Age
23:30 Wheelbarrow
Connection lost

Rejoining the realm…

Still unreachable

The connection could not be restored.

Session expired

The server has moved on; the page needs a fresh start.